[Event "Titled Tuesday Blitz October 18 Late 2022"]
[White "Hambleton, Aman"]
[Black "Bortnyk, Mykola"]
[WhiteFideId "2606577"]
[BlackFideId "14120836"]
[WhiteElo "2538"]
[BlackElo "2582"]
[Result "0-1"]
[Round "07"]
[TimeControl "180+1"]
[Date "2022.10.18"]
[WhiteClock "0:00:02"]
[BlackClock "0:00:05"]

1. d4 d5 2. Bf4 c5 3. e3 cxd4 4. exd4 Nc6 5. c3 Bf5 6. Qb3 Qd7 7. Nd2 e6 8. Ngf3 f6 9. Be2 g5 10. Be3 h5 11. O-O Nge7 12. Rfe1 Kf7 13. Nf1 h4 14. h3 Bh6 15. Qd1 Rag8 16. N3h2 Bg6 17. Bh5 f5 18. Bxg6+ Nxg6 19. a4 a5 20. Qe2 Qd6 21. Qb5 Qc7 22. Rad1 Nge7 23. f3 g4 24. fxg4 f4 25. Bf2 Bg5 26. Nf3 Bf6 27. Qe2 Qd6 28. N1d2 Ng6 29. Nb3 b6 30. Nc1 e5 31. dxe5 Ncxe5 32. Nxe5+ Nxe5 33. Nd3 Ng6 34. Qf3 Re8 35. Rxe8 Rxe8 36. Kf1 Re4 37. Ne1 Qc6 38. Qd3 Ke6 39. Nf3 Ne5 40. Nxe5 Bxe5 41. Re1 Qxa4 42. Bxh4 Qc6 43. Bf2 b5 44. h4 b4 45. cxb4 axb4 46. b3 Bc3 47. Rd1 Be5 48. g5 d4 49. Qh3+ Kd5 50. Qf3 Qb5+ 51. Kg1 Qe2 52. Qxe2 Rxe2 53. h5 Ra2 54. h6 Ra6 55. Kf1 Rg6 56. Bh4 Ke4 57. Ke2 Rc6 58. Rd2 Kf5 59. Rd3 Rc2+ 60. Kf3 Rc3 61. Ke2 Ke4 62. Rd2 d3+ 63. Kf1 Rc1+ 64. Be1 Bc3 65. h7 Bxd2 66. h8=Q Rxe1+ 67. Kf2 Re2+ 68. Kg1 Be3+ 69. Kh2 d2 70. Qh7+ Kd4 71. Qc2 f3 72. Qc4+ Ke5 73. Qb5+ Kf4 74. Qb8+ Kf5 75. Qf8+ Kxg5 76. Qg8+ Kf5 77. Qf7+ Ke5 78. Qe7+ Kd5 79. Qb7+ Kd6 80. Qa6+ Kc7 81. Qc4+ Kb7 82. Qxb4+ Bb6 83. Qc4 Rxg2+ 84. Kh3 d1=Q 85. Qe4+ Kc8 86. Qe8+ Qd8 87. Qc6+ Kb8 88. Qh6 Qd7+ 89. Kh4 Qg4# 0-1


[Site "https://www.chess.com"]

[Event "Titled Tuesday Blitz October 18 Late 2022"]
[White "Hansen, Eric"]
[Black "Goltsev, Dmitry"]
[WhiteFideId "2606771"]
[BlackFideId "24176710"]
[WhiteElo "2568"]
[BlackElo "2257"]
[Result "1-0"]
[Round "07"]
[TimeControl "180+1"]
[Date "2022.10.18"]
[WhiteClock "0:02:35"]
[BlackClock "0:02:43"]

1. d4 Nf6 2. Nf3 e6 3. c4 d5 4. Nc3 Bb4 5. Qa4+ Nc6 6. Bg5 O-O 7. e3 h6 8. Bxf6 Qxf6 9. Be2 Bxc3+ 10. bxc3 Bd7 11. Qa3 dxc4 12. Bxc4 Qe7 13. Qb2 a6 14. O-O b5 15. Be2 Na5 16. Ne5 Rab8 17. Qb4 1-0


[Site "https://www.chess.com"]

[Event "Titled Tuesday Blitz October 18 Late 2022"]
[White "Hemam, Moulaye Brahim"]
[Black "Jimenez Fernandez, Rebeca"]
[WhiteFideId "19600054"]
[BlackFideId "32070934"]
[WhiteElo "2088"]
[BlackElo "1946"]
[Result "1-0"]
[Round "07"]
[TimeControl "180+1"]
[Date "2022.10.19"]
[WhiteClock "0:00:54"]
[BlackClock "0:01:26"]

1. e4 g6 2. d4 Bg7 3. Nc3 d6 4. Nf3 a6 5. Be3 b5 6. a3 Bb7 7. Bd3 Nf6 8. h3 Nbd7 9. O-O e6 10. Qd2 Qe7 11. Bh6 O-O 12. Bxg7 Kxg7 13. Rfe1 c5 14. dxc5 Nxc5 15. e5 Nd5 16. exd6 Qxd6 17. b4 Nxc3 18. Qxc3+ Kg8 19. Qxc5 Qxc5 20. bxc5 Bxf3 21. gxf3 Rac8 22. a4 Rxc5 23. axb5 axb5 24. Ra5 Rfc8 25. Rb1 Rg5+ 26. Kh2 Rcc5 27. Rbxb5 Rxb5 28. Rxb5 Rxb5 29. Bxb5 Kf8 30. Kg3 Ke7 31. Kf4 f6 32. Ke4 Kd6 33. Kd4 h5 34. f4 g5 35. fxg5 fxg5 36. Ke4 Kc5 37. Be2 Kb4 38. Bxh5 Kc3 39. Ke5 Kxc2 40. Kxe6 Kd2 41. Kf5 Ke1 42. Kxg5 Kxf2 43. Bg6 Ke3 44. h4 Kd4 45. Kf6 1-0


[Site "https://www.chess.com"]

[Event "Titled Tuesday Blitz October 18 Late 2022"]
[White "Iliaguev, Nisim"]
[Black "Yeletsky, Ivan"]
[WhiteFideId "2817276"]
[BlackFideId "24180327"]
[WhiteElo "2264"]
[BlackElo "2391"]
[Result "1-0"]
[Round "07"]
[TimeControl "180+1"]
[Date "2022.10.18"]
[WhiteClock "0:00:46"]
[BlackClock "0:00:05"]

1. d4 Nf6 2. Nf3 d6 3. g3 g6 4. Bg2 Bg7 5. O-O O-O 6. c4 Nbd7 7. Nc3 e5 8. b3 exd4 9. Nxd4 Re8 10. Bb2 Nc5 11. Qc2 h5 12. h4 Ng4 13. Rad1 a5 14. Nd5 c6 15. Nf4 Qe7 16. Nf3 Bf5 17. Qc1 Be4 18. Bxg7 Kxg7 19. Qc3+ Kg8 20. Qd4 Rad8 21. Ng5 Bxg2 22. Kxg2 Nf6 23. f3 Qe5 24. e4 Nh7 25. Nxh7 Kxh7 26. Nh3 Kg7 27. Ng5 Ne6 28. Qxe5+ dxe5 29. Nxe6+ fxe6 30. Kf2 Kf6 31. Ke3 Ke7 32. f4 exf4+ 33. gxf4 Kf6 34. Rg1 Rg8 35. c5 Ke7 36. Rxd8 Kxd8 37. Kd4 Ke7 38. Ke5 Kd7 39. Rd1+ Kc7 40. Rd6 b6 41. cxb6+ Kxb6 42. Rxe6 Kb5 43. Kf6 Rd8 44. Kxg6 Rd2 45. f5 Rxa2 46. f6 Rg2+ 47. Kxh5 c5 48. f7 Rf2 49. Kg6 Rg2+ 50. Kf6 Rf2+ 51. Ke7 Kb4 52. Rb6+ Kc3 53. f8=Q Rxf8 54. Kxf8 c4 55. bxc4 Kxc4 56. Ra6 a4 57. Rxa4+ 1-0


[Site "https://www.chess.com"]

[Event "Titled Tuesday Blitz October 18 Late 2022"]
[White "Itkis, Boris"]
[Black "Kanter, Eduard"]
[WhiteFideId "1209167"]
[BlackFideId "4103963"]
[WhiteElo "2232"]
[BlackElo "2267"]
[Result "0-1"]
[Round "07"]
[TimeControl "180+1"]
[Date "2022.10.19"]
[WhiteClock "0:00:07"]
[BlackClock "0:00:02"]

1. c4 e6 2. Nf3 d5 3. b3 Nf6 4. Bb2 c5 5. e3 Nc6 6. g3 d4 7. exd4 cxd4 8. Bg2 Bc5 9. O-O O-O 10. Re1 Re8 11. Ne5 Nxe5 12. Rxe5 Nd7 13. Re1 e5 14. d3 a5 15. a3 Bd6 16. Nd2 Nc5 17. Ne4 Bf5 18. Nxc5 Bxc5 19. Bxb7 Rb8 20. Bd5 Qb6 21. Qf3 Bg6 22. b4 axb4 23. axb4 Bxb4 24. Re2 Bc3 25. Bxc3 dxc3 26. Rc1 Qd4 27. Rec2 Rb3 28. c5 Ra3 29. c6 Re7 30. Rb1 h6 31. Rb7 Rxb7 32. cxb7 Ra1+ 33. Kg2 Rb1 34. Ra2 Kh7 35. Bc4 e4 36. Qf4 Rb6 37. b8=Q Rxb8 38. Qxb8 exd3 39. Qf4 Qxf4 40. gxf4 c2 41. Ra1 d2 42. f5 c1=Q 43. fxg6+ fxg6 44. Ra8 Qxc4 0-1


[Site "https://www.chess.com"]

[Event "Titled Tuesday Blitz October 18 Late 2022"]
[White "Jaferian, Koosha"]
[Black "Shuvalov, Evgenij"]
[WhiteFideId "12507440"]
[BlackFideId "4187237"]
[WhiteElo "2127"]
[BlackElo "2049"]
[Result "1-0"]
[Round "07"]
[TimeControl "180+1"]
[Date "2022.10.19"]
[WhiteClock "0:00:14"]
[BlackClock "0:00:17"]

1. e4 e6 2. d4 d5 3. Bd3 dxe4 4. Bxe4 Nf6 5. Bf3 c5 6. Ne2 Nc6 7. Be3 cxd4 8. Nxd4 Ne5 9. Nc3 Bb4 10. Nb5 O-O 11. Qxd8 Rxd8 12. Nc7 Nxf3+ 13. gxf3 Nd5 14. Nxa8 Nxc3 15. bxc3 Bxc3+ 16. Ke2 Bxa1 17. Rxa1 Bd7 18. Nc7 Rc8 19. Bf4 f6 20. Rd1 Ba4 21. Nxe6 Rxc2+ 22. Rd2 Bb5+ 23. Kd1 Rxd2+ 24. Kxd2 Bc4 25. Nc5 Bxa2 26. Nxb7 Bd5 27. Na5 Bxf3 28. Be3 Bd5 29. Bxa7 Kf7 30. Kd3 Ke6 31. Nc4 Ba8 32. Ke3 Kf5 33. Nd2 Kg4 34. Bb8 g5 35. Ne4 Kf5 36. Ng3+ Kg4 37. Ne4 Kf5 38. Nd2 Kg4 39. Bd6 f5 40. f4 h6 41. Nc4 Kh3 42. Kf2 Be4 43. Ne3 Kh4 44. Be7 Kh5 45. Kg3 Kg6 46. h4 gxf4+ 47. Kxf4 Bd3 48. Bb4 Kh5 49. Be1 Kg6 50. Ke5 Bb1 51. Ng2 Kh5 52. Kf4 Kg6 53. Ne3 Bd3 54. Bf2 Bb1 55. Nc4 Kf6 56. Nd6 Bd3 57. Nb7 Kg6 58. Nc5 Bc2 59. Ne6 Kf6 60. Nd4 Bb1 61. Ne2 Kg6 62. Ke5 Kh5 63. Nf4+ Kg4 64. Be1 Be4 65. Ne6 Bb1 66. Ng7 Bc2 67. Ne6 Bb1 68. Nd4 Bd3 69. Kf6 f4 70. Kg7 h5 71. Kf6 f3 72. Ke5 Be2 73. Nxe2 fxe2 74. Ke4 Kh3 75. Ke3 Kg2 76. Kxe2 Kh3 77. Kf3 Kh2 78. Kf4 Kh3 79. Kg5 Kg2 80. Kxh5 Kf1 81. Kg5 Kxe1 82. h5 Ke2 83. h6 Kd3 84. h7 Kc4 85. h8=Q Kd5 86. Qf6 1-0


[Site "https://www.chess.com"]

[Event "Titled Tuesday Blitz October 18 Late 2022"]
[White "Jaracz, Pawel"]
[Black "Eisa Mohmood, Alkhoori"]
[WhiteFideId "1102222"]
[BlackFideId "9316116"]
[WhiteElo "2459"]
[BlackElo "1245"]
[Result "1-0"]
[Round "07"]
[TimeControl "180+1"]
[Date "2022.10.18"]
[WhiteClock "0:00:25"]
[BlackClock "0:00:02"]

1. e4 c5 2. Nf3 d6 3. d4 cxd4 4. Nxd4 Nf6 5. Nc3 g6 6. Be3 Bg7 7. f3 O-O 8. Qd2 Nc6 9. Bc4 Bd7 10. Bb3 Nxd4 11. Bxd4 b5 12. O-O a5 13. a4 b4 14. Nd5 Nxd5 15. Bxg7 Kxg7 16. exd5 Qb6+ 17. Kh1 e5 18. dxe6 Bxe6 19. Rad1 Rad8 20. Qf4 Qc5 21. Rd4 Qe5 22. Qd2 Rd7 23. Re1 Qf6 24. Bxe6 fxe6 25. Rxd6 Rxd6 26. Qxd6 Qxb2 27. Qxe6 Qxc2 28. Qe5+ Rf6 29. Qxa5 Qc3 30. Qe5 Qxe5 31. Rxe5 Ra6 32. a5 b3 33. Rb5 b2 34. Rxb2 Rxa5 35. h3 Ra7 36. Kh2 Rd7 37. h4 Rf7 38. Rb3 Rc7 39. g4 Rf7 40. Kg3 h6 41. Rb5 Re7 42. Kf4 Rf7+ 43. Ke4 Re7+ 44. Re5 Rf7 45. h5 Ra7 46. hxg6 Kxg6 47. Kf4 Ra4+ 48. Kg3 Ra3 49. Kg2 Ra2+ 50. Kg3 Ra3 51. Rb5 Rc3 52. Rb4 Ra3 53. Kf4 Ra6 54. Rb5 Ra4+ 55. Kg3 Ra3 56. Rb4 Rc3 57. Ra4 Rb3 58. Kf4 Rb6 59. Ra5 Rf6+ 60. Kg3 Rd6 61. f4 Rd3+ 62. Kh4 Rf3 63. Ra6+ Kh7 64. f5 Rf1 65. Ra7+ Kg8 66. Kh5 Rg1 67. f6 Kf8 68. Rg7 Rg2 69. Kxh6 Rh2+ 70. Kg6 Re2 71. g5 1-0


[Site "https://www.chess.com"]

[Event "Titled Tuesday Blitz October 18 Late 2022"]
[White "Jean Louis, Marckens"]
[Black "Adewumi, Tanitoluwa"]
[WhiteFideId "11900270"]
[BlackFideId "30966396"]
[WhiteElo "2030"]
[BlackElo "2534"]
[Result "1-0"]
[Round "07"]
[TimeControl "180+1"]
[Date "2022.10.19"]
[WhiteClock "0:00:59"]
[BlackClock "0:00:02"]

1. d4 Nf6 2. Nf3 e6 3. c4 b6 4. Nc3 Bb7 5. g3 Bb4 6. Bg2 O-O 7. O-O Bxc3 8. bxc3 d6 9. Bg5 h6 10. Bxf6 Qxf6 11. Nd2 Bxg2 12. Kxg2 c5 13. e3 Nc6 14. Ne4 Qe7 15. d5 Na5 16. Qd3 Rfe8 17. Nd2 Rad8 18. e4 exd5 19. cxd5 f5 20. Rae1 fxe4 21. Rxe4 Qf7 22. Rfe1 Rxe4 23. Qxe4 Kf8 24. Qd3 Re8 25. Rxe8+ Kxe8 26. Ne4 Kd7 27. Qa6 Qxd5 28. Qxa7+ Ke6 29. f3 Qxa2+ 30. Kh3 Qe2 31. Qxb6 Qf1+ 32. Kg4 h5+ 33. Kh4 Nc4 34. Ng5+ Ke5 35. Qc6 d5 36. Qe8+ Kd6 37. Qe6+ Kc7 38. Qxd5 Kb6 39. Ne6 g5+ 40. Qxg5 Qxf3 41. Qxc5+ Kb7 42. Qxc4 Qf6+ 43. Ng5 Qf5 44. Qe4+ Qxe4+ 45. Nxe4 Kc6 46. Kxh5 1-0


[Site "https://www.chess.com"]

[Event "Titled Tuesday Blitz October 18 Late 2022"]
[White "Jobava, Baadur"]
[Black "Harvey, Marcus R"]
[WhiteFideId "13601520"]
[BlackFideId "400092"]
[WhiteElo "2582"]
[BlackElo "2457"]
[Result "1-0"]
[Round "07"]
[TimeControl "180+1"]
[Date "2022.10.18"]
[WhiteClock "0:01:34"]
[BlackClock "0:01:08"]

1. b3 Nf6 2. Bb2 g6 3. c4 Bg7 4. g3 O-O 5. Bg2 c6 6. Nf3 d5 7. O-O a5 8. d3 Na6 9. a3 Nc5 10. Nbd2 Re8 11. Ra2 Bd7 12. Qa1 a4 13. b4 Nb3 14. Qd1 Nxd2 15. Nxd2 e5 16. e3 e4 17. dxe4 dxc4 18. Qa1 b5 19. Bc3 Qe7 20. f4 Nh5 21. Bxg7 Nxg7 22. e5 Rad8 23. Ne4 Kh8 24. Nf6 Rf8 25. g4 c5 26. Qe1 cxb4 27. Qh4 h5 28. Qg5 1-0


[Site "https://www.chess.com"]

[Event "Titled Tuesday Blitz October 18 Late 2022"]
[White "Kaganskiy, Gleb"]
[Black "Souleidis, Georgios"]
[WhiteFideId "4132025"]
[BlackFideId "4206827"]
[WhiteElo "2165"]
[BlackElo "2401"]
[Result "1/2-1/2"]
[Round "07"]
[TimeControl "180+1"]
[Date "2022.10.19"]
[WhiteClock "0:00:13"]
[BlackClock "0:00:08"]

1. e4 c5 2. c3 Nf6 3. e5 Nd5 4. d4 cxd4 5. cxd4 e6 6. Nf3 d6 7. Bc4 Nb6 8. Bd3 Nc6 9. Nc3 Be7 10. O-O O-O 11. exd6 Qxd6 12. Re1 Bd7 13. a3 Nd5 14. Bc2 Nxc3 15. bxc3 Rfd8 16. Qd3 g6 17. a4 Qc7 18. h4 Be8 19. Qe4 Na5 20. Bg5 Bc6 21. Qg4 Bxf3 22. Qxf3 Rac8 23. Bxe7 Qxe7 24. h5 Qg5 25. Re5 Qd2 26. hxg6 hxg6 27. Bxg6 fxg6 28. Qf6 Qh6 29. Qxe6+ Kh8 30. Rxa5 Re8 31. Qf6+ Qg7 32. Qxg7+ Kxg7 33. Rxa7 Rxc3 34. Rxb7+ Kh6 35. a5 Re2 36. a6 Rcc2 37. Rf7 Ra2 38. Rxa2 Rxa2 39. d5 Rxa6 40. Rd7 Ra2 41. d6 Rd2 42. Rd8 Kg7 43. d7 Kh7 44. f4 Kg7 45. g4 Kh7 46. f5 gxf5 47. gxf5 Kg7 48. Kf1 Rd6 49. Ke2 Rd5 50. Ke3 Rd1 51. Ke4 Re1+ 52. Kd3 Rd1+ 53. Kc2 Rd6 54. Kc3 Rd1 55. Kc4 Rc1+ 56. Kd5 Rd1+ 57. Ke6 Re1+ 58. Kd6 Rd1+ 59. Ke7 Re1+ 60. Kd6 Rd1+ 61. Kc5 Rc1+ 62. Kb4 Rb1+ 63. Ka3 Rd1 64. Kb2 Rd6 65. Kc2 Rd5 66. f6+ Kxf6 67. Rf8+ Ke7 68. d8=Q+ Rxd8 69. Rxd8 Kxd8 1/2-1/2


[Site "https://www.chess.com"]

[Event "Titled Tuesday Blitz October 18 Late 2022"]
[White "Kravtsiv, Martyn"]
[Black "Dilanyan, Grigor"]
[WhiteFideId "14113147"]
[BlackFideId "13303570"]
[WhiteElo "2694"]
[BlackElo "2264"]
[Result "1-0"]
[Round "07"]
[TimeControl "180+1"]
[Date "2022.10.18"]
[WhiteClock "0:02:00"]
[BlackClock "0:00:40"]

1. b3 e5 2. Bb2 Nc6 3. e3 a6 4. c4 Nf6 5. d3 d5 6. cxd5 Nxd5 7. a3 Be6 8. Nf3 f6 9. Nbd2 Be7 10. Be2 O-O 11. O-O Qe8 12. Qc2 Qf7 13. Rac1 Rac8 14. b4 Na7 15. Ne4 b6 16. d4 c5 17. bxc5 bxc5 18. dxe5 Nb5 19. exf6 gxf6 20. Bc4 Rfd8 21. Rfd1 Qg6 22. Nxf6+ Bxf6 23. Qxg6+ hxg6 24. Bxf6 Rd6 25. Be5 Rd7 26. Ng5 Nxa3 27. Ba2 c4 28. Nxe6 Re8 29. Bb2 Nb4 30. Rxd7 Nxa2 31. Rg7+ Kh8 32. Re7+ c3 33. Rxe8+ Kh7 34. Bxa3 1-0


[Site "https://www.chess.com"]

[Event "Titled Tuesday Blitz October 18 Late 2022"]
[White "Lima, Endson Dos Santos"]
[Black "Daeschler, Florian"]
[WhiteFideId "2133199"]
[BlackFideId "20678193"]
[WhiteElo "1953"]
[BlackElo "2187"]
[Result "0-1"]
[Round "07"]
[TimeControl "180+1"]
[Date "2022.10.19"]
[WhiteClock "0:00:41"]
[BlackClock "0:01:29"]

1. e4 c5 2. Nf3 d6 3. d4 cxd4 4. Nxd4 Nf6 5. Nc3 e6 6. Bg5 Be7 7. f4 h6 8. Bh4 Nc6 9. Nxc6 bxc6 10. Qf3 g5 11. fxg5 Nd7 12. O-O-O Ne5 13. Qe3 Bxg5 14. Bxg5 Qxg5 15. Qxg5 hxg5 16. Rxd6 Ke7 17. Rd1 Ng4 18. Rd2 Rxh2 19. Rxh2 Nxh2 20. Be2 e5 21. Na4 Bg4 22. Nc5 Bxe2 23. Rxe2 Ng4 24. a4 Rd8 25. c3 Nf6 26. b4 Nh5 27. Kc2 Nf4 28. Rf2 g4 29. g3 Nh5 30. Rf5 Nxg3 31. Rxe5+ Kf6 32. Nb7 Rb8 33. Nc5 Kxe5 34. Nd7+ Kxe4 35. Nxb8 Nf5 36. Nxc6 g3 0-1


[Site "https://www.chess.com"]

[Event "Titled Tuesday Blitz October 18 Late 2022"]
[White "Lorenzo De La Riva, Lazaro"]
[Black "Tomaszewski, Kacper"]
[WhiteFideId "2268809"]
[BlackFideId "1127373"]
[WhiteElo "2325"]
[BlackElo "2211"]
[Result "1-0"]
[Round "07"]
[TimeControl "180+1"]
[Date "2022.10.19"]
[WhiteClock "0:01:18"]
[BlackClock "0:00:01"]

1. b3 e5 2. Bb2 Nc6 3. g3 Nge7 4. Bg2 g6 5. c4 Bg7 6. h4 h6 7. Na3 d5 8. Nc2 d4 9. d3 O-O 10. b4 f5 11. b5 Nb8 12. h5 g5 13. Ba3 Nd7 14. Nf3 g4 15. Nh4 Rf7 16. Bxe7 Rxe7 17. Nxf5 Re8 18. Bd5+ Kh8 19. Nxg7 Kxg7 20. Be4 Nf6 21. Bg6 Rf8 22. e4 a6 23. a4 axb5 24. axb5 Be6 25. Rxa8 Qxa8 26. Qa1 Qxa1+ 27. Nxa1 Ra8 28. Nc2 Bxc4 29. dxc4 d3 30. Ne3 Nd7 31. O-O Nc5 32. Nxg4 Ra2 33. Rd1 d2 34. Ne3 Na4 35. Nf1 Rc2 36. Rxd2 Rxc4 37. Rd7+ Kf6 38. Rh7 Kg5 39. Nh2 Nc3 40. Rf7 Ne2+ 41. Kg2 Nd4 42. Kh3 Rc3 43. f3 c6 44. b6 c5 45. Rxb7 c4 46. Rf7 Rb3 47. b7 c3 48. b8=Q c2 49. Qxe5+ 1-0


[Site "https://www.chess.com"]

[Event "Titled Tuesday Blitz October 18 Late 2022"]
[White "Luxama, Jacques Muller"]
[Black "Omariev, Maksim"]
[WhiteFideId "11900113"]
[BlackFideId "4193423"]
[WhiteElo "1931"]
[BlackElo "2413"]
[Result "1-0"]
[Round "07"]
[TimeControl "180+1"]
[Date "2022.10.19"]
[WhiteClock "0:01:20"]
[BlackClock "0:00:42"]

1. d4 d5 2. c4 e6 3. Nc3 Nf6 4. cxd5 exd5 5. Bg5 Be7 6. e3 c6 7. Bd3 Bg4 8. f3 Bh5 9. g4 Bg6 10. Nge2 Nfd7 11. Bf4 Nf8 12. Qc2 Ne6 13. Bg3 Na6 14. a3 O-O 15. h4 Bxd3 16. Qxd3 c5 17. O-O-O c4 18. Qf5 Nac7 19. h5 b5 20. Nf4 Nxf4 21. Bxf4 Bd6 22. Bxd6 Qxd6 23. e4 b4 24. axb4 Qxb4 25. h6 g6 26. Qe5 Ne8 27. Nxd5 Qd6 28. Ne7+ Qxe7 29. Qxe7 Rb8 30. Rd2 Ra8 31. Rc2 1-0


[Site "https://www.chess.com"]

[Event "Titled Tuesday Blitz October 18 Late 2022"]
[White "Machidon, Cristi"]
[Black "Yurtseven, Melih"]
[WhiteFideId "13904590"]
[BlackFideId "6312160"]
[WhiteElo "2312"]
[BlackElo "2218"]
[Result "0-1"]
[Round "07"]
[TimeControl "180+1"]
[Date "2022.10.19"]
[WhiteClock "0:00:05"]
[BlackClock "0:00:52"]

1. Nf3 c5 2. g3 Nc6 3. Bg2 e5 4. d3 d5 5. O-O Bd6 6. e4 d4 7. Na3 Nge7 8. Nc4 Bc7 9. a4 h6 10. c3 g5 11. cxd4 exd4 12. Bd2 Be6 13. Rc1 Qd7 14. Re1 g4 15. Nh4 b6 16. Nf5 h5 17. Ng7+ Kf8 18. Nxe6+ Qxe6 19. e5 Rd8 20. f4 Nf5 21. Be4 Nce7 22. Qe2 h4 23. Kg2 hxg3 24. hxg3 Rh3 25. Rg1 Nxg3 26. Qd1 Nxe4 27. dxe4 Qg6 28. Qe2 d3 29. Qf2 Qxe4+ 0-1


[Site "https://www.chess.com"]

[Event "Titled Tuesday Blitz October 18 Late 2022"]
[White "Maksimovic, Bojan"]
[Black "Matinian, Nikita"]
[WhiteFideId "14408120"]
[BlackFideId "24129100"]
[WhiteElo "2447"]
[BlackElo "2422"]
[Result "1-0"]
[Round "07"]
[TimeControl "180+1"]
[Date "2022.10.18"]
[WhiteClock "0:00:02"]
[BlackClock "0:00:01"]

1. e4 e5 2. Nf3 Nc6 3. Bb5 a6 4. Ba4 Bc5 5. c3 Nge7 6. d4 exd4 7. cxd4 Bb4+ 8. Bd2 Bxd2+ 9. Nbxd2 d5 10. e5 O-O 11. O-O a5 12. a3 Bf5 13. Re1 Ng6 14. Bxc6 bxc6 15. Nb3 f6 16. Nc5 Bg4 17. e6 Re8 18. h3 Bxf3 19. Qxf3 Nf8 20. Qg4 Re7 21. Re3 Rb8 22. b3 Qe8 23. Rae1 Qg6 24. Qf4 Rbe8 25. Rg3 Qc2 26. Qxf6 Qb2 27. Qf4 Nxe6 28. Nxe6 Rxe6 29. Rxe6 Rxe6 30. Re3 Rxe3 31. Qxe3 h6 32. a4 c5 33. Qe6+ Kh8 34. Qc8+ Kh7 35. Qf5+ Kh8 36. dxc5 Qc1+ 37. Kh2 Qxc5 38. h4 Qd6+ 39. g3 d4 40. Qd3 c5 41. Kg2 Qd5+ 42. Kf1 Kg8 43. Ke2 Kf7 44. Kd2 Qe5 45. Qb5 Qf5 46. Qb7+ Kg6 47. Qc6+ Kh5 48. f3 Qe5 49. Kd1 g6 50. f4 Qe3 51. f5 gxf5 52. Qxc5 Kg4 53. Qxa5 Qd3+ 54. Qd2 1-0


[Site "https://www.chess.com"]

[Event "Titled Tuesday Blitz October 18 Late 2022"]
[White "Malka, Samuel"]
[Black "Prydun, Andriy"]
[WhiteFideId "20643675"]
[BlackFideId "14145898"]
[WhiteElo "2460"]
[BlackElo "2163"]
[Result "0-1"]
[Round "07"]
[TimeControl "180+1"]
[Date "2022.10.19"]
[WhiteClock "0:00:10"]
[BlackClock "0:00:39"]

1. d4 Nf6 2. c4 c5 3. d5 e5 4. Nc3 d6 5. g3 g6 6. Bg2 Bg7 7. h3 a6 8. a4 b6 9. Bg5 Ra7 10. Qd2 h6 11. Be3 Nbd7 12. Qc2 O-O 13. Nf3 Nh7 14. Qc1 g5 15. h4 g4 16. Nh2 h5 17. f3 f5 18. fxg4 hxg4 19. Bh6 Ndf6 20. Bxg7 Kxg7 21. e4 f4 22. gxf4 Nh5 23. O-O exf4 24. e5 f3 25. Bh1 Qxh4 26. Ne4 Raf7 27. Qc2 Bf5 28. Qf2 g3 29. Nxg3 Nxg3 30. e6 Rf6 31. Bxf3 Rg6 32. Bg2 Be4 33. Qxf8+ Nxf8 34. e7 Qxe7 35. Rae1 Nxf1 36. Rxe4 Qxe4 0-1


[Site "https://www.chess.com"]

[Event "Titled Tuesday Blitz October 18 Late 2022"]
[White "Martin Carmona, Gaston Manuel"]
[Black "Aghasiyev, Kamal"]
[WhiteFideId "22284567"]
[BlackFideId "13402854"]
[WhiteElo "2235"]
[BlackElo "2341"]
[Result "1-0"]
[Round "07"]
[TimeControl "180+1"]
[Date "2022.10.19"]
[WhiteClock "0:02:00"]
[BlackClock "0:00:58"]

1. d4 d5 2. c4 e6 3. Nc3 Nf6 4. cxd5 exd5 5. Bg5 c6 6. e3 Nbd7 7. Bd3 Be7 8. Qc2 h6 9. Bf4 Nh5 10. Be5 Nxe5 11. dxe5 O-O 12. Nf3 g6 13. O-O-O Ng7 14. h3 Qa5 15. Kb1 Be6 16. Nd4 c5 17. Nxe6 fxe6 18. Bxg6 b5 19. Bh7+ Kh8 20. Qg6 Rf5 21. g4 Rxe5 22. f4 Rxe3 23. Qxh6 1-0


[Site "https://www.chess.com"]

[Event "Titled Tuesday Blitz October 18 Late 2022"]
[White "Mazurkiewicz, Michal"]
[Black "Winkels, Marcel"]
[WhiteFideId "1124943"]
[BlackFideId "1003887"]
[WhiteElo "2063"]
[BlackElo "1900"]
[Result "1-0"]
[Round "07"]
[TimeControl "180+1"]
[Date "2022.10.19"]
[WhiteClock "0:00:46"]
[BlackClock "0:00:25"]

1. e4 c5 2. Nf3 d6 3. g3 Nf6 4. d3 g6 5. Bg2 Bg7 6. O-O O-O 7. Re1 Nc6 8. e5 Ne8 9. exd6 Nxd6 10. Nc3 Bg4 11. h3 Bxf3 12. Bxf3 Rb8 13. Bxc6 bxc6 14. Qf3 Qd7 15. Na4 Qxh3 16. c3 c4 17. d4 Qc8 18. Rxe7 Re8 19. Rxe8+ Qxe8 20. Bf4 Bf8 21. Kf1 Rb5 22. Re1 Qc8 23. Re2 Rh5 24. Nc5 Qh3+ 25. Qg2 Qh1+ 26. Qxh1 Rxh1+ 27. Kg2 Rb1 28. Nd7 Nf5 29. Re8 Rxb2 30. Be5 f6 31. Rxf8+ Kg7 32. Bxf6+ Kh6 33. Ne5 Ne3+ 34. Kf3 Nd5 35. Nf7+ Kh5 36. g4# 1-0


[Site "https://www.chess.com"]

[Event "Titled Tuesday Blitz October 18 Late 2022"]
[White "Melikhov, Evgeny V."]
[Black "Becerra, Juan David"]
[WhiteFideId "4122046"]
[BlackFideId "4404998"]
[WhiteElo "2169"]
[BlackElo "2278"]
[Result "0-1"]
[Round "07"]
[TimeControl "180+1"]
[Date "2022.10.19"]
[WhiteClock "0:00:01"]
[BlackClock "0:01:28"]

1. d4 d5 2. c4 e6 3. Nc3 c6 4. e3 Nf6 5. Nf3 Nbd7 6. Bd3 dxc4 7. Bxc4 Bd6 8. O-O O-O 9. e4 e5 10. Bg5 h6 11. Bh4 exd4 12. Nxd4 Re8 13. Nf5 Bf8 14. Re1 Qa5 15. Nd6 Bxd6 16. Qxd6 Qe5 17. Qxe5 Nxe5 18. Bb3 Nfd7 19. Rad1 Nc5 20. f4 Ned3 21. Rf1 Nxb2 22. Rd2 Nbd3 23. e5 Bf5 24. Bc2 Bh7 25. Na4 Nxa4 26. Bxd3 Bxd3 27. Rxd3 Nc5 28. Rd4 a5 29. Rc1 Ne6 30. Rd7 Nxf4 31. Rc4 Ng6 32. Bg3 b5 33. Rxc6 Nxe5 34. Bxe5 Rxe5 35. Rcc7 Rf5 36. g4 Rf6 37. Kg2 Rf8 38. Kg3 Re8 39. Rb7 Re3+ 40. Kg2 b4 41. h4 Re2+ 42. Kg3 Re3+ 43. Kg2 Re4 44. Kg3 g5 45. h5 Re3+ 46. Kg2 Rf4 47. Rb8+ Kg7 48. Rdd8 Re2+ 49. Kg3 Rfe4 50. Rg8+ Kf6 51. Rb6+ Re6 52. Rxe6+ Rxe6 53. Ra8 Re3+ 54. Kg2 Ra3 55. Ra6+ Kg7 0-1


[Site "https://www.chess.com"]

[Event "Titled Tuesday Blitz October 18 Late 2022"]
[White "Mohammadian, Mohammad"]
[Black "Sala, Giulia"]
[WhiteFideId "12566055"]
[BlackFideId "2840451"]
[WhiteElo "1489"]
[BlackElo "1769"]
[Result "0-1"]
[Round "07"]
[TimeControl "180+1"]
[Date "2022.10.19"]
[WhiteClock "0:00:04"]
[BlackClock "0:00:28"]

1. e4 e6 2. d4 d5 3. Nd2 a5 4. c3 a4 5. a3 Nf6 6. e5 Nfd7 7. Bd3 c5 8. Ne2 Nc6 9. Nf3 Be7 10. O-O Qb6 11. Bc2 h6 12. h3 g5 13. Nh2 h5 14. Rb1 c4 15. Ng3 g4 16. hxg4 h4 17. Nh5 Nf8 18. Ng7+ Kd8 19. Nh5 Bd7 20. Nf3 Kc7 21. Bg5 Bxg5 22. Nxg5 Ng6 23. Nxf7 Rhf8 24. Nd6 Nf4 25. g3 Nxh5 26. gxh5 hxg3 27. fxg3 Nxe5 28. Rxf8 Rxf8 29. Kg2 Nf3 30. Nxc4 dxc4 31. Be4 Ng5 32. Bg6 Bc6+ 33. Kh2 Nf3+ 34. Kh3 Kb8 35. Qc1 Qd8 36. Qh6 Qf6 37. Re1 Rh8 38. Rxe6 Qxe6+ 0-1


[Site "https://www.chess.com"]

[Event "Titled Tuesday Blitz October 18 Late 2022"]
[White "Nakamura, Hikaru"]
[Black "Firouzja, Alireza"]
[WhiteFideId "2016192"]
[BlackFideId "12573981"]
[WhiteElo "2909"]
[BlackElo "2903"]
[Result "1/2-1/2"]
[Round "07"]
[TimeControl "180+1"]
[Date "2022.10.18"]
[WhiteClock "0:02:19"]
[BlackClock "0:02:16"]

1. g4 d5 2. Bg2 c6 3. h3 e5 4. d3 Bd6 5. Nd2 Ne7 6. e4 Ng6 7. Ndf3 O-O 8. Ne2 dxe4 9. dxe4 Bb4+ 10. Bd2 Bxd2+ 11. Qxd2 1/2-1/2


[Site "https://www.chess.com"]